 Dungeon Crawl Stone Soup version 0.29-a0-352-g0917bc69df (webtiles) character file.

Game seed: 8274713568969150669

389 Laraso the Slasher (level 6, 0/51 HPs)
             Began as a Draconian Monk on Apr 23, 2022.
             Slain by a gnoll sergeant
             ... wielding a +2 trident of freezing
              (10 damage)
             ... on level 3 of the Dungeon.
             The game lasted 00:04:41 (3651 turns).

Laraso the Slasher (Draconian Monk)                 Turns: 3651, Time: 00:04:41

Health: 0/51       AC:  6    Str: 13    XL:     6   Next: 50%
Magic:  6/6        EV: 13    Int: 10    God:
Gold:   207        SH:  0    Dex: 16    Spells: 5/5 levels left

rFire   . . .      SeeInvis .   b - +2 dagger (venom)
rCold   . . .      Faith    .   (no shield)
rNeg    . . .      Spirit   .   (body armour unavailable)
rPois   .          Reflect  .   (helmet restricted)
rElec   .          Harm     .   (no cloak)
rCorr   .          Rampage  .   (no gloves)
Will    .....                   (no boots)
Stlth   +.........              (no amulet)
HPRegen 0.17/turn               (no ring)
MPRegen 0.10/turn               (no ring)

@: confused, ambrosia-drunk, slowed, very slow
A: AC +6, unfitting armour, cold-blooded
a: no special abilities


You were on level 3 of the Dungeon.
You visited 1 branch of the dungeon, and saw 4 of its levels.

You collected 207 gold pieces.

Inventory:

Hand Weapons
 a - a +1 rapier of speed
 b - a +2 dagger of venom (weapon)
Wands
 l - a wand of polymorph (5)
Scrolls
 g - a scroll of fog
 i - a scroll of enchant weapon
 k - a scroll of blinking {unknown}
 m - a scroll of vulnerability {unknown}
 n - 2 scrolls of enchant armour
 o - a scroll of holy word {unknown}
 p - a scroll of immolation {unknown}
 r - a scroll of summoning {unknown}
Potions
 c - a potion of lignification
 d - 2 potions of ambrosia
 e - a potion of curing
 f - a potion of magic
 h - a potion of heal wounds {unknown}
 j - a potion of invisibility {unknown}
 q - a potion of attraction {unknown}


   Skills:
 - Level 3.2 Fighting
 - Level 7.0 Long Blades
 * Level 3.5 Dodging
 - Level 1.7 Stealth


You had 5 spell levels left.
You didn't know any spells.
Your spell library was empty.

Dungeon Overview and Level Annotations

Branches:
Dungeon (4/15)
 Temple: D:4-7

Altars:
Sif Muna


Innate Abilities, Weirdness & Mutations

Your plain brown scales are hard. (AC +6)
You cannot fit into any form of body armour.
You are cold-blooded and may be slowed by cold attacks.


Message History

The white imp gestures at you. The puff of frost hits you.
The white imp gestures at you. The puff of frost hits you.
The white imp disappears for a moment.
The white imp gestures at you. The puff of frost misses you.
You feel a bit more experienced.
There is a stone staircase leading up here.
The gnoll sergeant hits you with a +2 trident of freezing.
You feel yourself slow down. The gnoll sergeant freezes you.
There is a stone staircase leading up here.
Press: ? - help, v - describe, . - travel
Here: a gnoll sergeant, wielding a +2 trident of freezing and wearing a +0 ring mail The floor.
The gnoll sergeant hits you with a +2 trident of freezing!
You feel as though you will be slow longer.
The gnoll sergeant freezes you.
The gnoll sergeant hits you with a +2 trident of freezing.
* * * LOW HITPOINT WARNING * * *
You feel as though you will be slow longer.
The gnoll sergeant freezes you.
* * * LOW HITPOINT WARNING * * *
The gnoll closely misses you.
The gnoll drinks a potion.
The gnoll seems to grow stronger.
You climb upwards.
There is a stone staircase leading down here.
Unknown command.
Unknown command.
You hit the gnoll sergeant but do no damage.
The gnoll sergeant is poisoned.
The gnoll sergeant hits you with a +2 trident of freezing.
* * * LOW HITPOINT WARNING * * *
The gnoll sergeant freezes you.
* * * LOW HITPOINT WARNING * * *
Okay, then.
You are confused.
You feel invigorated.
The gnoll sergeant hits you with a +2 trident of freezing!
You die...

#####.### #.....#####...........
.......#####...............##....
.####............##.#..###.##....
.# #.#######....#...............
^####.## ####.##........#####.
.##....#########.###...##..# #.
.##............#.###...##..# #.
...###########.#[##>#..##..# #.
..##..##.......#@#)###.##..#####.
..#....######..g).## ##.#........
..#.#..## #.##.#.###.###.####..
..#†##..#####.##.##.#..###.# #.#
†.#..#.(#......#...........# #..
..####..##.#...........##### ####
#..##..##......#####.### #...
#......####.##.#####.# #.##
##....####...........# #.#


You could see a gnoll sergeant (very poisoned).

Vanquished Creatures
  Eustachio (D:3)
  A hound (D:3)
  Ijyb (D:3)
  2 orc wizards (D:3)
  4 gnolls
  An adder (D:2)
  A white imp (D:4)
  2 worms (D:3)
  4 dart slugs
  4 orcs (D:3)
  4 endoplasms
  5 giant cockroaches
  11 goblins
  4 hobgoblins
  3 jackals (D:1)
  5 kobolds
  2 quokkas
  9 ball pythons
  2 bats (D:3)
  2 frilled lizards
  3 rats
71 creatures vanquished.

Notes
Turn   | Place    | Note
-------+----------+-------------------------------------------
     0 | D:1      | Laraso the Draconian Monk began the quest for the Orb.
     0 | D:1      | Reached XP level 1. HP: 19/19 MP: 1/1
   325 | D:1      | Reached XP level 2. HP: 22/26 MP: 2/2
   890 | D:1      | Found a faded altar of an unknown god.
  1028 | D:2      | Reached skill level 4 in Long Blades
  1153 | D:2      | Reached XP level 3. HP: 31/31 MP: 3/3
  1775 | D:3      | Found a shimmering blue altar of Sif Muna.
  1822 | D:3      | Noticed Ijyb
  1841 | D:3      | Killed Ijyb
  1842 | D:3      | Reached skill level 5 in Long Blades
  1842 | D:3      | Reached XP level 4. HP: 38/38 MP: 4/4
  1980 | D:3      | Reached XP level 5. HP: 19/45 MP: 5/5
  2936 | D:4      | Noticed an ogre
  2948 | D:3      | Reached skill level 6 in Long Blades
  3296 | D:4      | Noticed Eustachio
  3313 | D:3      | Killed Eustachio
  3314 | D:3      | Reached skill level 7 in Long Blades
  3314 | D:3      | Reached XP level 6. HP: 19/51 MP: 6/6
  3651 | D:3      | Slain by a gnoll sergeant

Illustrated notes

Levels and vault maps discovered:
D:1:      evilmike_arrival_rings, layout_loops_ring, basic_ecumenical_altar,
          roderic_serpentine_path
D:2:      layout_loops_cross
D:3:      layout_loops_ring, mainiacjoe_overflow_24_doors,
          kennysheep_cluttered_room, minmay_misc_feat_rows, minmay_puff,
          uniq_ijyb
D:4:      nicolae_cairo_tiling, layout_cave_pools,
          minmay_temple_entry_statues_pillars, uniq_eustachio

Skill      XL: |  1  2  3  4  5 |
---------------+----------------+-----
Long Blades    | 4 5 7 |  7.0
Dodging        | 3 |  3.5
Fighting       | |  3.2
Stealth        | |  1.7

Action                   |  1- 3 |  4- 6 || total
-------------------------+-------+-------++-------
Melee: Falchion          |    18 |       ||    18
       Dagger            |    75 |   132 ||   207
       Tailslap          |     8 |    20 ||    28
       Punch             |     1 |       ||     1
  Use: Scroll            |     4 |     4 ||     8
       Potion            |       |     1 ||     1
 Stab: Sleeping          |     8 |     1 ||     9
Armor: Skin              |    31 |    31 ||    62
Dodge: Dodged            |    38 |    86 ||   124

Table legend: (Time is in decaauts)
 A = Elapsed time spent in this place.
 B = Non-inter-level travel time spent in this place.
 C = Inter-level travel time spent in this place.
 D = Time resting spent in this place.
 E = Time spent auto-exploring this place.
 F = Levels seen in this place.
 G = Mean time per level.
                   A        B        C        D        E       F      G
               +--------+--------+--------+--------+--------+-----+--------+
         Total |   3629 |   3493 |    136 |    801 |   2050 |   4 |  907.2 |
       Dungeon |   3629 |   3493 |    136 |    801 |   2050 |   4 |  907.2 |
               +--------+--------+--------+--------+--------+-----+--------+

Top non-repeatable levels by time:
     D:3: 1692 daAuts
     D:1: 1023 daAuts
     D:2: 740 daAuts
     D:4: 173 daAuts
